 Dungeon Crawl Stone Soup version 0.28-a0-172-g787e458d71 (webtiles) character file.

Game seed: 4976290366320841428

4 riscky the Grasshopper (level 1, 0/17 HPs)
             Began as a Ghoul Warper on Aug 17, 2021.
             Slain by a ball python (1 damage)
             ... on level 1 of the Dungeon.
             The game lasted 00:05:51 (200 turns).

riscky the Grasshopper (Ghoul Warper)                Turns: 200, Time: 00:05:51

Health: 0/17       AC:  3    Str: 14    XL:     1   Next: 70%
Magic:  2/2        EV:  8    Int:  8    God:
Gold:   24         SH:  0    Dex:  8    Spells: 3/3 levels left

rFire   . . .      SeeInvis .   d - +0 dagger
rCold   + . .      Faith    .   (no shield)
rNeg    + + +      Spirit   .   a - +0 leather armour
rPois   ∞          Reflect  .   (no helmet)
rElec   .          Harm     .   (no cloak)
rCorr   .          Rampage  .   (no gloves)
Will    .....                   (no boots)
Stlth   +.........              (no amulet)
HPRegen 0.00/turn               (no ring)
MPRegen 0.08/turn               (no ring)

@: inhibited regen, constricted
A: claws 1, cold resistance 1, negative energy resistance 3, inhibited
regeneration, torment resistance 2
a: no special abilities


You were on level 1 of the Dungeon.
You visited 1 branch of the dungeon, and saw 1 of its levels.

You collected 24 gold pieces.

Inventory:

Hand Weapons
 d - a +0 dagger (weapon)
 e - a +0 club
Missiles
 c - 5 boomerangs of dispersal (quivered)
Armour
 a - a +0 leather armour (worn)
Scrolls
 b - a scroll of blinking


   Skills:
 + Level 2.1 Fighting
 + Level 0.8 Throwing
 + Level 0.8 Armour
 + Level 1.9 Dodging
 + Level 2.2 Unarmed Combat
 + Level 1.7 Spellcasting
 + Level 2.9 Translocations


You had 3 spell levels left.
You didn't know any spells.
Your spell library contained the following spells:

 Spells                   Type           Power      Damage    Failure   Level
 Blink                    Tloc           N/A        N/A       21%         2
 Gell's Gravitas          Tloc           2%         N/A       38%         3
 Lesser Beckoning         Tloc           2%         N/A       38%         3
 Teleport Other           Tloc           5%         N/A       38%         3
 Manifold Assault         Tloc           5%         N/A       98%         5


Dungeon Overview and Level Annotations

Branches:
Dungeon (1/15)

Altars:


Innate Abilities, Weirdness & Mutations

You thrive by killing the living.
You are immune to poison.
You have sharp fingernails.
Your flesh is cold resistant. (rC+)
You are immune to negative energy. (rN+++)
You do not regenerate when monsters are visible.
You are immune to unholy pain and torment.


Message History

You open the door.
Blink to where?
Press: ? - help, Dir - move target, f - you
Okay, then.
There is an open door here.
A goblin comes into view. It is wielding a +0 club.
Found a scroll labelled PUOCKA VYNNE.
There is an open door here.
There is an open door here.
d - a +0 dagger (weapon)
Hit: d) +0 dagger
Press: ? - help, Dir - move target, f - you
Okay, then.
You barely miss the goblin. The goblin barely misses you.
You hit the goblin but do no damage. Your claw misses the goblin.
The goblin misses you.
You closely miss the goblin. The goblin hits you with a +0 club.
Your leather armour prevents you from hitting the goblin.
The goblin hits you with a +0 club.
* * * LOW HITPOINT WARNING * * *
There is an open door here.
You hit the goblin.
You kill the goblin!
There is an open door here.
You see here a +0 club.
e - a +0 club A ball python comes into view.
The ball python hisses angrily.
Found 9 bolts.
The ball python barely misses you. The ball python closely misses you.
The ball python bites you.
* * * LOW HITPOINT WARNING * * *
The ball python closely misses you.
You see here 9 bolts.
You closely miss the ball python. The ball python bites you.
* * * LOW HITPOINT WARNING * * *
The ball python grabs you. The ball python constricts you.
* * * LOW HITPOINT WARNING * * *
The ball python bites you.
You die...

.......##.# #....##.#
###....##.#####
..............+
..........#####
###############......###
.....?........'......'.#
#####....######......#.#
#...S@..# #......#.#
#.......# ########'##
#.......# #.........#
#.........# #.....†...#
#.........###.........##
#.....#####......####..#
..###### #.###### ##.#
## #.# #.# #.# ###..


You could see a ball python.

Vanquished Creatures
  2 ball pythons (D:1)
  2 goblins (D:1)
4 creatures vanquished.

Notes
Turn   | Place    | Note
-------+----------+-------------------------------------------
     0 | D:1      | riscky the Ghoul Warper began the quest for the Orb.
     0 | D:1      | Reached XP level 1. HP: 17/17 MP: 2/2
   200 | D:1      | Slain by a ball python

Illustrated notes

Levels and vault maps discovered:
D:1:      dpeg_arrival_round_b, layout_basic, minmay_crystal_room

Action                   || total
-------------------------++-------
Melee: Unarmed           ||    13
       Dagger            ||     6
Armor: Leather armour    ||     3
Dodge: Dodged            ||    16

Table legend: (Time is in decaauts)
 A = Elapsed time spent in this place.
 B = Non-inter-level travel time spent in this place.
 C = Inter-level travel time spent in this place.
 D = Time resting spent in this place.
 E = Time spent auto-exploring this place.
 F = Levels seen in this place.
 G = Mean time per level.
                   A        B        C        D        E       F      G
               +--------+--------+--------+--------+--------+-----+--------+
         Total |    199 |    155 |     44 |      0 |      0 |   1 |  199.0 |
       Dungeon |    199 |    155 |     44 |      0 |      0 |   1 |  199.0 |
               +--------+--------+--------+--------+--------+-----+--------+

Top non-repeatable levels by time:
     D:1: 199 daAuts
